 Dungeon Crawl Stone Soup version 0.31.0-12-g77e489cdc1 (webtiles) character file.

Game seed: 14437125851530911362

5 PriceMaster the Grasshopper (level 1, -1/11 HPs)
             Began as a Spriggan Warper on Mar 3, 2024.
             Slain by a goblin
             ... wielding a +0 dagger
              (4 damage)
             ... on level 1 of the Dungeon.
             The game lasted 00:00:32 (174 turns).

PriceMaster the Grasshopper (Spriggan Warper)        Turns: 174, Time: 00:00:32

Health: -1/11      AC:  2    Str:  7    XL:     1   Next: 66%
Magic:  5/5        EV: 17    Int: 14    God:
Gold:   44         SH:  0    Dex: 14    Spells: 5/5 levels left

rFire   . . .        a - +0 short sword
rCold   . . .        (no shield)
rNeg    . . .        b - +0 robe
rPois   .            (helmet restricted)
rElec   .            (no cloak)
rCorr   .            (gloves unavailable)
SInv    +            (boots unavailable)
Will    .....        (no amulet)
Stlth   +            (no ring)
HPRegen 0.21/turn    (no ring)
MPRegen 0.09/turn

%: no passive effects
@: very quick
A: very small, no large weapons, unfitting armour, see invisible, speed 3
a: no special abilities


You were on level 1 of the Dungeon.
You visited 1 branch of the dungeon, and saw 1 of its levels.

You collected 44 gold pieces.

Inventory:

Hand Weapons
 a - a +0 short sword (weapon)
Missiles
 d - 7 darts of dispersal (quivered)
Armour
 b - a +0 robe (worn)
Scrolls
 c - a scroll of blinking
 e - a scroll of teleportation {unknown}
 f - a scroll of enchant weapon {unknown}


   Skills:
 + Level 1.7 Fighting
 + Level 2.1 Short Blades
 + Level 1.0 Throwing
 + Level 3.5 Dodging
 + Level 2.6 Spellcasting
 + Level 4.5 Translocations


You had 5 spell levels left.
You didn't know any spells.
Your spell library contained the following spells:

 Spells                   Type           Power      Damage    Failure   Level
 Blink                    Tloc           28%        N/A       5%          2
 Lesser Beckoning         Tloc           28%        N/A       5%          2
 Teleport Other           Tloc           14%        N/A       11%         3
 Manifold Assault         Tloc           14%        N/A       34%         4
 Vhi's Electric Charge    Tloc/Air       16%        N/A       65%         4


Dungeon Overview and Level Annotations

Branches:
Dungeon (1/15)

Altars:


Innate Abilities, Weirdness & Mutations

You are very small and have problems with some larger weapons.
You are too small for most types of armour.
You have supernaturally acute eyesight. (SInv)
You cover ground extremely quickly. (Speed+++)


Message History

You don't know any spells.
f - a scroll labelled HAEF KIZUKAIJI
Found a pair of boots.
You see here a +0 pair of boots.
Found a stone staircase leading down.
A goblin comes into view. It is wielding a +0 dagger.
The goblin shouts!
A goblin is nearby!
A goblin is nearby!
Okay, then.
A kobold comes into view. It is wielding a +0 short sword.
You closely miss the goblin.
The kobold shouts!
The goblin hits you with a +0 dagger.
You hit the goblin.
The goblin is severely wounded.
The goblin closely misses you.
You miss the goblin.
The goblin is severely wounded.
You closely miss the goblin.
The goblin is severely wounded.
The goblin hits you but does no damage.
You hit the goblin but do no damage.
The goblin is severely wounded.
The goblin hits you with a +0 dagger.
You barely miss the goblin.
The goblin is severely wounded.
The goblin hits you with a +0 dagger.
You are too injured to fight recklessly!
You are too injured to fight recklessly!
You are too injured to fight recklessly!
You are too injured to fight recklessly!
You barely miss the goblin.
The goblin is severely wounded.
The goblin hits you with a +0 dagger.
* * * LOW HITPOINT WARNING * * *
You closely miss the goblin.
The goblin is severely wounded.
The goblin hits you with a +0 dagger.
You die...

##.....#####. ...
............. #..
......†.####. #...
..##......... #...
............. ....
.....#.......
.###..#########.........
.....Kg..............[..
#@### ##.........
####...## #.........
#.......## #.........
#........###.........
#.........###########
#.......#....## ###
#.......####..# #..
#.......# ##.#####.#
#.......# #...##..#


You could see a goblin and a kobold.

Vanquished Creatures
  A bat (D:1)
  A goblin (D:1)
  A hobgoblin (D:1)
  A frilled lizard (D:1)
  A rat (D:1)
5 creatures vanquished.

Notes
Turn   | Place    | Note
-------+----------+-------------------------------------------
     0 | D:1      | PriceMaster the Spriggan Warper began the quest for the
                  | Orb.
     0 | D:1      | Reached XP level 1. HP: 10/10 MP: 5/5
   174 | D:1      | Slain by a goblin

Illustrated notes

Levels and vault maps discovered:
D:1:      lemuel_arrival_muddy, layout_basic

Action                     || total
---------------------------++-------
  Melee: Short sword       ||    19
   Stab: Sleeping          ||     1
 Armour: Robe              ||     8
  Dodge: Dodged            ||     6
